AoeStats
← ITZ | AutocavS

Arabia

509982777Analyzed
1v1 RM · 5d ago on Sep 28, 2026· 27m 28s· 2 players
Game mode
Random Map
Map size
Tiny (2 player)
Population
200
Speed
Normal
Resources
Standard
Victory
Conquest
Starting age
Dark Age
Ending age
Imperial Age
RankedLock teamsTeams togetherTeam positionsShared explorationLock speedFull tech treeHidden civsTurbo modeCheats
Victory
Defeat
🇦🇷 Mongols · Argentina
1490
+16
🇦🇷 Magyars · Argentina
1492
-16
Craftmk
5:25 Loom
7:36 Feudal Age
8:29 Double-Bit Axe
11:03 Horse Collar
20:50 Castle Age
19:19 Fletching
19:30 Padded Archer Armor
20:16 Gold Mining
21:08 Bloodlines
21:40 Bodkin Arrow
22:16 Husbandry
23:18 Bow Saw
24:13 Ballistics
24:46 Thumb Ring
ITZ | AutocavS
5:43 Loom
9:11 Feudal Age
9:42 Double-Bit Axe
13:48 Horse Collar
22:48 Castle Age
22:04 Bloodlines
22:20 Scale Barding Armor
22:25 Gold Mining
23:54 Chain Barding Armor
25:05 Husbandry
Connection lost

Rejoining the realm…

Still unreachable

The connection could not be restored.

Session expired

The server has moved on; the page needs a fresh start.